Map: Vigía EE

Players

MrFercho - Winner!

  • Race: Zerg Zerg
  • League: Silver
  • Spawn Location: 9:00

tigro - Winner!

  • Race: Terran Terran
  • League: Bronze
  • Spawn Location: 9:00

TATORREA - Winner!

  • Race: Protoss Protoss
  • League: Gold
  • Spawn Location: 12:00

Narzse

  • Race: Protoss Protoss
  • League: Gold
  • Spawn Location: 5:00

KingReyes

  • Race: Protoss Protoss
  • League: Bronze
  • Spawn Location: 6:00

Kingofkings

  • Race: Terran Terran
  • League: Bronze
  • Spawn Location: 5:00

VOD

Have the link to the VOD?

Description

Time

  • Played on: July 15, 2020, 10:12 p.m.
  • Length: 18:25
Show
View Real Time Build Order
Export as new Build Order

MrFercho Zerg - Winner!

Build Orders: Hatch First, Lurkers 

Get SALT Encoding   

  12  0:02  Drone  
  13  0:14  Overlord  
  13  0:26  Drone  
  14  0:32  Drone x2  
  16  0:51  Hatchery  
  16  0:56  Drone x2  
  17  1:12  Drone x2  
  17  1:15  Extractor  
  18  1:23  Spawning Pool  
  17  1:26  Drone  
  17  1:32  Drone  
  19  1:41  Drone  
  20  1:52  Overlord  
  20  2:10  Queen x2  
  20  2:12  Drone x2  
  26  2:16  Drone x2  
  26  2:21  Metabolic Boost  
  28  2:24  Drone x2  
  30  2:36  Drone x2  
  32  2:46  Overlord  
  32  2:49  Overlord  
  32  3:07  Drone x2  
  32  3:08  Drone x2  
  36  3:15  Lair  
  36  3:21  Hatchery  
  36  3:25  Baneling Nest  
  34  3:30  Zergling x14  
  41  3:41  Queen  
  43  3:50  Drone x3  
  43  3:51  Drone x3  
  43  3:52  Drone  
  50  4:02  Overlord  
  50  4:12  Baneling x6  
  50  4:32  Drone x5  
  50  4:33  Drone x4  
  59  4:49  Extractor  
  58  4:55  Drone x3  
  61  5:07  Overlord x3  
  61  5:08  Overlord  
  56  5:36  Zergling x34  
  56  5:37  Zergling x4  
  75  5:46  Spine Crawler  
  75  5:48  Spine Crawler  
  75  5:49  Zergling x6, Spine Crawler  
  75  5:57  Baneling x9  
  75  5:58  Baneling x3  
  75  6:17  Zergling x12  
  81  6:34  Centrifical Hooks  
  67  6:54  Zergling x32  
  68  6:55  Zergling x2  
  81  7:12  Drone x8  
  81  7:15  Overlord x3  
  89  7:21  Extractor  
  88  7:23  Extractor  
  88  7:27  Drone  
  88  7:28  Drone  
  88  7:29  Overlord, Evolution Chamber  
  88  7:30  Evolution Chamber  
  88  7:31  Evolution Chamber  
  86  7:45  Baneling x10  
  86  7:47  Zergling x2  
  86  7:48  Zergling x16  
  66  8:21  Zergling x16  
  66  8:22  Zergling x2  
  74  8:46  Hydralisk Den  
  73  8:49  Extractor  
  73  8:50  Infestation Pit  
  73  8:51  Extractor  
  73  8:55  Zerg Melee Weapons Level 1, Zerg Ground Armor Level 1, Zerg Missile Weapons Level 1  
  70  8:59  Drone x9  
  79  9:05  Hatchery  
  78  9:11  Zergling x10  
  78  9:16  Muscular Augments  
  83  9:24  Lurker Den  
  82  9:39  Drone  
  82  9:40  Drone x5  
  88  9:45  Hydralisk  
  88  9:46  Hydralisk x6  
  88  9:49  Baneling  
  102  9:57  Overlord x5  
  102  9:58  Overlord  
  101  10:18  Baneling x7  
  101  10:19  Baneling x6  
  101  10:20  Baneling  
  101  10:22  Zergling x2  
  101  10:23  Zergling x18  
  101  10:28  Grooved Spines  
  111  10:41  Hive  
  111  10:46  Lurker x4  
  94  12:17  Zergling x32  
  94  12:18  Zergling x14  
  114  12:51  Hydralisk x12  
  120  13:38  Hydralisk x11  
  120  13:39  Hydralisk x4  
  150  13:50  Adaptive Talons  
  150  13:54  Zerg Missile Weapons Level 2, Zerg Ground Armor Level 2, Zerg Melee Weapons Level 2  
  118  14:38  Hydralisk x17  
  105  14:39  Hydralisk x6  
  136  14:47  Seismic Spines  
  117  15:42  Spire  
  113  15:44  Spire  
  113  15:46  Drone x10  
  119  15:50  Extractor x2  
  119  15:56  Hydralisk  
  117  15:57  Hydralisk x21  
  161  16:23  Hatchery  
  161  16:24  Hydralisk x8  
  176  16:29  Overlord x8  
  176  17:13  Corruptor  
  176  17:14  Corruptor x6  
Show
View Real Time Build Order
Export as new Build Order

tigro Terran - Winner!

Build Orders:  

Get SALT Encoding   

  12  0:02  SCV  
  13  0:14  SCV  
  14  0:23  Supply Depot  
  14  0:26  SCV  
  15  0:35  Refinery  
  15  0:45  SCV  
  15  0:48  Barracks  
  16  0:57  SCV  
  17  1:09  SCV  
  18  1:21  SCV  
  19  1:27  Refinery  
  19  1:33  SCV  
  19  1:36  Marine  
  19  1:37  Supply Depot  
  21  1:46  SCV  
  22  1:54  Marine  
  22  1:59  SCV  
  24  2:06  Factory  
  24  2:12  Marine  
  24  2:14  Orbital Command  
  25  2:30  Marine  
  26  2:39  Engineering Bay  
  26  2:48  Marine  
  27  2:57  Factory Tech Lab  
  27  3:08  Terran Infantry Weapons Level 1  
  27  3:09  Starport  
  27  3:17  Barracks Tech Lab  
  27  3:31  SCV  
  28  3:40  Siege Tank  
  31  3:47  Starport  
  31  4:06  Medivac  
  33  4:10  Command Center  
  33  4:31  Starport Tech Lab  
  33  4:39  Barracks  
  33  4:40  Starport Tech Lab  
  33  4:53  Missile Turret  
  33  5:02  Terran Infantry Armor Level 1  
  33  5:05  Marine  
  34  5:14  Missile Turret  
  34  5:23  Marine, Refinery  
  35  5:35  Missile Turret  
  35  5:41  Marine  
  29  5:57  Missile Turret  
  29  5:58  Marine  
  29  6:01  Planetary Fortress  
  30  6:07  SCV  
  31  6:11  Medivac  
  31  6:16  Barracks Reactor, Marine  
  34  6:19  SCV  
  35  6:31  SCV  
  35  6:32  Missile Turret  
  36  6:34  Marine  
  37  6:43  SCV  
  38  6:52  Marine  
  39  6:55  SCV  
  39  6:59  Refinery  
  39  7:00  SCV  
  41  7:10  Marine  
  41  7:13  Fusion Core, SCV  
  43  7:18  Combat Shield  
  43  7:25  SCV  
  43  7:27  Marine  
  46  7:37  SCV  
  46  7:45  Marine  
  46  7:49  SCV  
  48  8:00  Armory  
  48  8:01  SCV  
  42  8:13  SCV  
  39  8:28  Weapon Refit  
  39  8:32  SCV  
  40  8:37  Stimpack  
  40  8:44  SCV  
  40  8:48  Thor  
  41  8:53  Marine  
  41  8:54  Marine  
  49  8:56  SCV  
  50  9:09  SCV  
  51  9:11  Marine  
  52  9:21  SCV  
  53  9:31  Thor  
  59  9:38  Command Center  
  59  10:02  Missile Turret  
  59  10:08  Rapid Reignition System  
  59  10:22  Supply Depot  
  59  10:23  Refinery  
  59  10:24  Missile Turret  
  59  10:43  Thor  
  59  10:44  Supply Depot, Missile Turret  
  65  10:52  Planetary Fortress  
  65  10:53  Refinery  
  65  11:06  Missile Turret  
  65  11:15  Terran Vehicle Weapons Level 1  
  65  11:20  Terran Infantry Weapons Level 2  
  65  11:24  Battlecruiser  
  71  11:26  Battlecruiser  
  77  11:36  SCV  
  78  11:48  Marine x3, SCV  
  82  12:00  SCV  
  83  12:06  Marine x3  
  86  12:12  SCV  
  77  12:23  Marine  
  77  12:24  Marine x2, SCV  
  81  12:41  Marine  
  81  12:42  Marine x2  
  84  12:59  Marine  
  85  13:09  Marine x2  
  85  13:10  Terran Vehicle And Ship Armor Level 1  
  87  13:17  Marine  
  87  13:18  Medivac  
  87  13:19  Medivac  
  90  13:27  Marine x2  
  92  13:35  Marine  
  92  13:36  Terran Infantry Armor Level 2  
  92  13:39  Thor  
  99  13:45  Marine x2  
  101  13:53  Marine  
  85  14:03  Marine x2  
  69  14:11  Marine  
  69  14:12  Medivac x2  
  74  14:20  SCV  
  74  14:22  Thor  
  81  14:25  Marine x2  
  81  14:28  Marine  
  84  14:32  SCV  
  85  14:42  Battlecruiser  
  85  14:43  Marine x2, Battlecruiser  
  85  14:44  SCV  
  99  14:46  Marine  
  100  14:57  SCV  
  101  15:00  Marine  
  101  15:01  Marine  
  101  15:04  Terran Ship Weapons Level 1, Marine  
  104  15:09  SCV  
  84  15:47  Battlecruiser x2  
  96  15:52  Neosteel Armor  
  96  15:55  SCV  
  97  16:06  Marine x3  
  97  16:07  SCV  
  101  16:19  SCV  
  101  16:22  Command Center  
  101  16:24  Marine x3  
  105  16:31  SCV  
  106  16:42  Marine x3  
  106  16:43  Refinery  
  109  16:57  Battlecruiser  
  109  16:58  Battlecruiser  
  109  16:59  Marine  
  109  17:00  Marine x2  
  97  17:17  Marine  
  90  17:36  Refinery  
Show
View Real Time Build Order
Export as new Build Order

TATORREA Protoss - Winner!

Build Orders:  

Get SALT Encoding   

  12  0:01  Probe  
  13  0:13  Probe  
  14  0:20  Pylon  
  14  0:25  Probe  
  15  0:38  Probe  
  16  0:43  Gateway  
  16  0:50  Assimilator, Probe  
  17  1:03  Probe  
  17  1:11  Probe  
  19  1:20  Probe  
  19  1:22  Pylon  
  19  1:23  Assimilator  
  20  1:30  Gateway  
  20  1:33  Probe  
  21  1:45  Probe  
  22  1:57  Probe  
  23  2:09  Probe  
  24  2:24  Cybernetics Core  
  24  2:26  Gateway  
  24  2:28  Gateway  
  24  2:34  Nexus  
  24  2:41  Warp Gate  
  24  2:42  Pylon  
  24  2:43  Probe  
  25  2:56  Probe  
  26  3:06  Stalker  
  26  3:10  Stalker  
  26  3:11  Probe  
  31  3:16  Sentry  
  31  3:18  Sentry  
  35  3:23  Probe  
  36  3:34  Pylon  
  36  3:35  Probe  
  37  3:43  Stalker  
  37  3:46  Sentry  
  41  3:51  Stalker  
  41  3:53  Probe  
  45  3:55  Probe  
  45  4:07  Probe  
  45  4:08  Robotics Facility, Probe  
  47  4:20  Probe  
  47  4:21  Probe  
  47  4:22  Twilight Council  
  49  4:33  Probe, Stargate  
  49  4:34  Probe  
  51  4:46  Probe  
  51  4:47  Probe  
  53  4:55  Assimilator  
  53  4:59  Assimilator  
  53  5:01  Probe x2  
  55  5:15  Stalker x3  
  61  5:23  Immortal  
  56  5:45  Stalker x3  
  56  6:01  Shield Battery  
  56  6:02  Phoenix  
  56  6:03  Shield Battery  
  58  6:07  Probe x2  
  60  6:19  Probe x2  
  60  6:22  Pylon  
  62  6:26  Pylon  
  62  6:29  Pylon  
  62  6:34  Forge  
  62  6:35  Forge  
  62  6:37  Forge  
  62  6:40  Immortal, Phoenix  
  62  6:46  Blink, Protoss Ground Weapons Level 1  
  68  6:56  Protoss Ground Armor Level 1, Protoss Shields Level 1  
  66  7:13  Phoenix  
  68  7:22  Stalker x2  
  72  7:24  Zealot x2  
  76  7:53  Nexus  
  76  7:54  Stalker x2, Pylon  
  76  7:55  Stalker x2  
  76  7:57  Pylon  
  84  8:12  Immortal  
  88  8:18  Probe x2  
  90  8:28  Stalker  
  90  8:30  Probe x2  
  94  8:37  Charge, Shield Battery  
  94  8:40  Shield Battery  
  94  8:42  Shield Battery, Probe x2  
  96  8:51  Immortal  
  100  8:56  Pylon, Probe x2  
  100  9:01  Assimilator, Pylon  
  100  9:02  Assimilator  
  102  9:12  Probe x3  
  102  9:13  Pylon  
  102  9:16  Pylon  
  105  9:24  Protoss Ground Weapons Level 2  
  105  9:25  Probe x3  
  105  9:27  Stalker  
  105  9:28  Stalker x2  
  105  9:29  Stalker  
  116  9:33  Phoenix  
  116  9:38  Immortal  
  122  9:53  Stalker x2  
  122  9:54  Stalker x2  
  118  10:17  Observer  
  119  10:26  Protoss Ground Armor Level 2  
  119  10:27  Protoss Shields Level 2  
  119  10:29  Stalker x3  
  119  10:30  Stalker  
  127  11:03  Nexus  
  127  11:05  Pylon  
  127  11:08  Pylon  
  127  11:10  Stalker x4  
  135  11:12  Phoenix  
  137  11:21  Gateway  
  137  11:23  Gateway  
  135  11:27  Gateway  
  135  11:29  Gateway  
  129  11:37  Phoenix  
  117  11:41  Stalker x2  
  117  11:42  Stalker x2  
  60  12:15  Stalker  
  43  12:18  Stalker x4  
  46  12:25  Stalker  
  40  12:41  Stalker x2  
  40  12:42  Stalker x2  
  40  12:43  Stalker  
  50  12:55  Protoss Ground Weapons Level 3  
  50  12:56  Protoss Shields Level 3, Protoss Ground Armor Level 3  
  50  13:03  Probe x4  
  54  13:15  Probe x4  
  58  13:20  Phoenix  
  60  13:32  Stalker  
  60  13:33  Stalker  
  64  13:41  Probe x4  
  65  13:45  Phoenix  
  70  13:53  Probe x3  
  73  13:58  Pylon  
  73  14:01  Pylon, Probe  
  74  14:05  Probe x3  
  77  14:10  Phoenix  
  77  14:16  Gateway  
  79  14:17  Assimilator  
  79  14:21  Assimilator  
  79  14:33  Fleet Beacon  
  79  14:35  Phoenix  
  81  14:40  Immortal  
  81  14:41  Protoss Air Weapons Level 1  
  81  14:43  Probe x4  
  89  14:54  Stalker x4  
  89  14:55  Stalker x2  
  89  14:58  Sentry  
  103  15:00  Sentry  
  103  15:04  Phoenix  
  107  15:07  Probe x3  
  107  15:08  Probe  
  111  15:19  Probe x3  
  114  15:45  Probe x3  
  114  15:47  Stalker  
  114  15:48  Stalker x3, Nexus  
  125  15:50  Pylon  
  125  15:51  Pylon, Phoenix  
  127  16:05  Stalker  
  127  16:06  Stalker  
  127  16:07  Zealot x2  
  135  16:16  Phoenix  
  137  16:24  Assimilator  
  137  16:28  Assimilator  
  137  16:36  Stalker x3  
  143  16:57  Pylon, Nexus  
  143  16:59  Pylon  
  83  17:28  Stalker x9  
  101  17:33  Phoenix  
  103  17:58  Phoenix  
  103  17:59  Gateway  
  103  18:01  Gateway  
  103  18:04  Gateway  
  105  18:06  Gateway, Stalker x3  
  105  18:07  Stalker  
  105  18:08  Stalker  
  115  18:12  Gateway  
  115  18:13  Gateway  
  115  18:17  Gateway  
  115  18:20  Gateway  
  115  18:23  Gateway  
Show
View Real Time Build Order
Export as new Build Order

Narzse Protoss 

Build Orders: Mass Adepts 

Get SALT Encoding   

  1  0:00  Probe  
  13  0:08  Probe  
  14  0:19  Pylon, Probe  
  15  0:39  Gateway  
  15  0:42  Probe  
  16  0:52  Assimilator  
  16  0:54  Probe  
  17  1:02  Probe  
  17  1:10  Probe  
  19  1:20  Pylon  
  19  1:21  Probe  
  20  1:29  Cybernetics Core  
  20  1:32  Gateway  
  20  1:33  Probe  
  20  1:38  Assimilator  
  21  1:47  Probe  
  22  2:04  Probe  
  23  2:10  Nexus  
  23  2:14  Adept  
  25  2:21  Adept  
  27  2:34  Twilight Council  
  27  2:50  Adept  
  27  2:51  Gateway  
  29  2:54  Resonating Glaives  
  29  2:57  Probe  
  30  3:09  Pylon  
  30  3:18  Probe  
  30  3:21  Pylon  
  30  3:25  Adept  
  33  3:31  Adept  
  35  3:41  Probe  
  35  3:45  Adept  
  38  3:53  Probe  
  39  4:05  Probe  
  39  4:06  Adept x2  
  44  4:14  Warp Gate  
  44  4:15  Adept  
  46  4:21  Robotics Facility  
  46  4:24  Probe  
  46  4:28  Pylon  
  47  4:36  Probe  
  47  4:38  Adept  
  50  4:39  Adept  
  50  4:45  Probe  
  53  4:53  Probe  
  53  4:56  Adept  
  53  4:57  Assimilator  
  56  5:03  Probe  
  57  5:08  Adept  
  59  5:15  Probe  
  60  6:00  Probe  
  61  6:07  Assimilator  
  61  6:08  Probe  
  61  6:12  Warp Prism  
  61  6:17  Probe  
  65  6:28  Probe  
  66  6:36  Probe  
  66  6:45  Probe  
  68  6:55  Probe  
  69  7:07  Probe  
  70  7:16  Pylon  
  70  7:17  Pylon  
  70  7:22  Pylon  
  70  7:26  Pylon  
  70  7:27  Pylon  
  70  7:33  Pylon  
  70  7:36  Pylon  
  70  7:53  Stargate  
  70  7:54  Stargate  
  70  7:57  Stargate  
  70  7:58  Protoss Air Weapons Level 1  
  70  7:59  Stargate  
  70  8:26  Shield Battery  
  70  8:27  Shield Battery  
  70  8:29  Nexus  
  70  8:30  Shield Battery  
  70  8:32  Shield Battery  
  70  8:34  Shield Battery  
  70  8:36  Shield Battery  
  70  8:40  Forge  
  70  8:41  Void Ray  
  70  8:42  Void Ray x3  
  86  8:50  Cybernetics Core  
  86  8:53  Fleet Beacon  
  86  8:56  Probe  
  86  8:57  Probe  
  88  9:04  Probe  
  88  9:06  Probe  
  88  9:09  Pylon  
  90  9:12  Probe  
  90  9:14  Pylon  
  90  9:15  Probe  
  91  9:17  Pylon  
  91  9:19  Photon Cannon  
  91  9:20  Pylon  
  91  9:23  Photon Cannon  
  92  9:24  Probe  
  92  9:25  Photon Cannon  
  92  9:27  Shield Battery, Probe  
  94  9:32  Shield Battery  
  94  9:33  Shield Battery  
  94  9:34  Void Ray x2  
  94  9:36  Probe  
  103  9:39  Probe  
  103  9:40  Probe  
  105  9:48  Probe  
  106  9:56  Probe  
  106  9:57  Void Ray  
  111  10:08  Probe  
  112  10:18  Void Ray  
  112  10:19  Void Ray x2  
  112  10:20  Probe  
  125  10:40  Void Ray  
  129  10:44  Probe  
  129  10:46  Probe x2  
  132  10:50  Protoss Air Armor Level 1  
  132  10:52  Probe  
  132  10:54  Protoss Air Weapons Level 2, Probe  
  133  11:00  Unknown  
  133  11:01  Void Ray x2, Probe  
  143  11:13  Probe  
  109  11:53  Void Ray x4  
  89  12:36  Void Ray x2  
  77  13:03  Void Ray  
  77  13:04  Void Ray  
  85  13:18  Pylon  
  85  13:19  Void Ray x2  
  93  13:23  Pylon  
  93  13:46  Void Ray x2  
  101  14:01  Void Ray  
  105  14:23  Void Ray  
  109  14:29  Void Ray x2  
  114  14:54  Observer  
  111  15:20  Shield Battery  
  111  15:23  Shield Battery  
  111  15:26  Shield Battery  
  107  15:29  Shield Battery  
  106  15:55  Pylon  
  106  15:58  Pylon  
  106  16:04  Void Ray  
  110  16:12  Void Ray x2  
  110  16:15  Void Ray, Pylon  
  110  16:17  Pylon  
  122  16:20  Pylon  
  122  16:36  Pylon  
  122  16:37  Pylon x2  
  122  16:42  Pylon  
Show
View Real Time Build Order
Export as new Build Order

KingReyes Protoss 

Build Orders:  

Get SALT Encoding   

  12  0:03  Probe  
  13  0:15  Pylon  
  13  0:19  Probe  
  14  0:39  Gateway  
  14  0:43  Assimilator  
  14  0:48  Assimilator  
  14  0:54  Probe  
  15  1:06  Probe  
  16  1:18  Probe  
  17  1:27  Cybernetics Core  
  17  1:35  Pylon  
  17  1:58  Warp Gate  
  17  2:27  Forge  
  17  2:48  Pylon  
  17  3:06  Photon Cannon  
  17  3:09  Photon Cannon  
  17  3:10  Photon Cannon  
  17  3:11  Photon Cannon  
  17  3:18  Photon Cannon  
  17  3:43  Gateway  
  17  3:45  Gateway  
  17  3:47  Gateway  
  17  3:49  Gateway  
  17  3:58  Pylon  
  17  4:02  Stalker  
  19  4:27  Stalker  
  21  4:47  Stalker x2  
  21  4:48  Stalker x2  
  21  4:50  Stalker  
  31  5:17  Pylon  
  31  5:39  Stalker x3  
  31  5:40  Stalker  
  35  6:06  Shield Battery  
  35  6:08  Shield Battery  
  35  6:12  Shield Battery  
  35  6:14  Shield Battery  
  35  6:34  Stalker x2  
  33  6:55  Stalker x2  
  37  7:09  Stalker  
  37  7:10  Stalker  
  41  7:22  Stalker  
  43  7:43  Stalker  
  45  7:50  Probe  
  46  8:03  Probe  
  47  8:15  Probe  
  47  8:31  Stalker x3  
  47  8:32  Stalker  
  55  8:46  Pylon  
  55  8:49  Pylon  
  55  9:23  Stalker  
  55  9:24  Stalker x3  
  63  9:52  Stalker  
  65  9:53  Stalker  
  67  10:36  Stalker x2  
  71  10:49  Pylon  
  71  10:51  Pylon  
  71  10:53  Pylon  
  61  11:34  Stalker x5  
Show
View Real Time Build Order
Export as new Build Order

Kingofkings Terran 

Build Orders:  

Get SALT Encoding   

  12  0:12  Supply Depot  
  12  0:27  Supply Depot  
  12  0:40  Barracks  
  12  0:41  SCV  
  13  1:00  Barracks  
  13  1:01  SCV  
  14  1:20  Barracks, SCV  
  16  1:32  SCV  
  16  1:39  Marine  
  17  1:48  Marine  
  18  1:57  Marine  
  19  2:15  Marine  
  20  2:16  Orbital Command  
  20  2:26  Marine x2  
  22  2:33  Marine  
  23  2:44  Marine x2  
  23  2:51  Marine  
  26  3:02  Marine x2  
  28  3:08  Marine  
  29  3:19  Marine  
  29  3:20  Marine  
  29  3:26  Marine  
  32  3:37  Supply Depot, Marine x2  
  34  3:44  Marine  
  35  3:55  Marine x2  
  35  4:02  Marine  
  38  4:13  Marine x2  
  40  4:20  Marine  
  41  4:31  Marine x2  
  41  4:37  Marine  
  44  4:49  Marine x2  
  46  4:55  Marine  
  47  5:06  Marine  
  47  5:07  Marine  
  48  5:13  Marine  
  50  5:24  Marine x2  
  52  5:31  Marine  
  31  5:42  Marine x2  
  26  5:49  Marine  
  28  6:00  Marine x2  
  30  6:06  Marine  
  31  6:18  Marine x2  
  33  6:24  Marine  
  34  6:35  Marine  
  34  6:36  Marine  
  36  6:42  Marine  
  28  6:53  Marine x2  
  26  7:00  Marine  
  25  7:11  Marine x2  
  27  7:18  Marine  
  28  7:29  Marine x2  
  30  7:36  Marine  
  31  7:47  Marine x2  
  33  7:53  Marine  
  34  8:04  Marine  
  34  8:05  Marine  
  36  8:11  Marine  
  34  8:22  Marine x2  
  36  8:29  Marine  
  37  8:40  Marine x2  
  39  8:47  Marine  
  40  8:50  Barracks  
  40  8:58  Marine x2  
  42  9:05  Marine  
  42  9:09  Supply Depot  
  43  9:16  Marine x2  
  45  9:22  Marine  
  46  9:34  Marine x2  
  48  9:40  Marine  
  48  9:41  Supply Depot  
  49  9:51  Marine  
  49  9:52  Marine  
  51  9:54  Supply Depot  
  51  9:56  Marine  
  51  9:58  Marine  
  44  10:09  Marine x2  
  44  10:14  Marine  
  47  10:16  Marine  
  45  10:27  Marine x2  
  43  10:31  Marine  
  43  10:34  Marine  
  45  10:45  Marine x2  
  45  10:49  Marine  
  48  10:51  Marine  
  49  11:03  Marine x2  
  51  11:07  Marine  
  51  11:09  Marine  
  53  11:20  Marine  
  53  11:21  Marine  
  53  11:25  Marine  
  54  11:27  Marine  
  47  11:38  Marine x2  
  40  11:43  Marine  
  40  11:45  Marine  
  38  11:56  Marine x2  
  38  12:00  Marine  
  38  12:03  Marine  
  31  12:14  Marine x2  
  30  12:18  Marine  
  30  12:21  Marine  
  32  12:32  Marine x2  
  32  12:36  Marine  
  31  12:38  Marine  
  32  12:49  Marine  
  32  12:50  Marine  
  34  12:54  Marine  
  34  12:56  Marine  
  36  13:07  Marine x2  
  36  13:12  Marine  
  39  13:14  Marine  
  27  13:25  Marine x2  
  27  13:29  Marine  
  27  13:32  Marine  
  29  13:43  Marine x2  
  29  13:47  Marine  
  32  13:50  Marine  
  28  14:01  Marine x2  
  30  14:05  Marine  
  30  14:07  Marine  
Tags
 
Add a new tag
Caveats
  • Supply blocks, unpowered buildings, or Contaminate may cause inaccurate times.
  • Supply counts are checked every 10 seconds.